 Dungeon Crawl Stone Soup version 0.21.1-1-g345015fe64 (webtiles) character file.

93 Peloso the Covered (level 4, -1/40 HPs)
             Began as a Minotaur Fighter on July 18, 2018.
             Slain by Purgy (2 damage)
             ... on level 3 of the Dungeon.
             The game lasted 00:03:40 (1975 turns).

Peloso the Covered (Minotaur Fighter)               Turns: 1975, Time: 00:03:40

Health: -1/40      AC:  7    Str: 26    XL:     4   Next: 36%
Magic:  3/3        EV:  8    Int:  5    God:
Gold:   89         SH: 10    Dex: 10    Spells: 3/3 levels left

rFire    x . .     SeeInvis .   a - +0 long sword
rCold    + . .     Gourm    .   c - +0 shield
rNeg     . . .     Faith    .   b - +0 scale mail
rPois    .         Spirit   .   (helmet restricted)
rElec    .         Reflect  .   (no cloak)
rCorr    .         Harm     .   (no gloves)
MR       .....                  (no boots)
Stlth    ..........             (no amulet)
HPRegen  0.13/turn              p - ring of ice
MPRegen  0.08/turn              (no ring)

@: mighty
A: retaliatory headbutt, horns 2
a: no special abilities


You were on level 3 of the Dungeon.
You were hungry.

You visited 1 branch of the dungeon, and saw 3 of its levels.

You collected 89 gold pieces.

Inventory:

Hand Weapons
 a - a +0 long sword (weapon)
Armour
 b - a +0 scale mail (worn)
 c - a +0 shield (worn)
Jewellery
 p - a ring of ice (left hand)
 q - a cursed -3 ring of protection {unknown}
Scrolls
 g - a scroll of random uselessness {unknown}
 h - a scroll of fear {unknown}
 i - 2 scrolls of noise {unknown}
 k - 2 scrolls of teleportation {unknown}
 l - 4 scrolls of identify {unknown}
 o - a scroll of remove curse {unknown}
Potions
 e - 2 potions of curing {unknown}
 j - a potion of heal wounds {unknown}
 m - a potion of brilliance {unknown}
 n - a potion of cancellation {unknown}
Comestibles
 f - 2 rations


   Skills:
 + Level 4.2 Fighting
 + Level 3.2 Long Blades
 + Level 4.5 Armour
 + Level 1.2 Dodging
 + Level 4.3 Shields


You had 3 spell levels left.
You didn't know any spells.

Dungeon Overview and Level Annotations

Branches:
Dungeon (3/15)

Altars:
Elyvilon
Fedhas
Ru
Xom
Zin
The Shining One

Annotations:
D:3 Purgy, Robin


Innate Abilities, Weirdness & Mutations

You reflexively headbutt those who attack you in melee.
You have a pair of horns on your head.


Message History

You barely miss Purgy. You headbutt Purgy!!
Purgy is heavily wounded.
Purgy closely misses you. You block Purgy's attack. Purgy barely misses you.
You block the goblin's attack.
Unknown command.
You miss Purgy. Your headbutt misses Purgy.
Purgy is heavily wounded.
Purgy bites you.
* * * LOW HITPOINT WARNING * * *
Purgy claws you but does no damage. You block Purgy's attack.
The goblin barely misses you. You furiously retaliate!
You headbutt the goblin!
You kill the goblin!
You miss Purgy. Your headbutt misses Purgy.
Purgy is heavily wounded.
The hobgoblin no longer looks unusually strong.
Purgy bites you.
* * * LOW HITPOINT WARNING * * *
Purgy barely misses you. You block Purgy's attack.
Purgy bites you but does no damage. Purgy claws you.
You die...

##... ....
#... #.. .g.
#g#
#T########
##@#.......
#.)).####
#.).....#
#....##....
####.#####.#
#<......#
#########


You could see Purgy, Robin and a hobgoblin.

Vanquished Creatures
  Terence (D:2)
  2 adders (D:2)
  2 worms (D:2)
  A ball python (D:1)
  2 giant cockroaches (D:1)
  12 goblins
  4 hobgoblins
  8 bats
  2 frilled lizards
  5 kobolds
  7 rats
46 creatures vanquished.

Notes
Turn   | Place    | Note
-------+----------+-------------------------------------------
     0 | D:1      | Peloso the Minotaur Fighter began the quest for the Orb.
     0 | D:1      | Reached XP level 1. HP: 19/19 MP: 0/0
   375 | D:1      | Found a glowing golden altar of the Shining One.
   407 | D:1      | Reached XP level 2. HP: 23/27 MP: 1/1
  1092 | D:2      | Reached XP level 3. HP: 27/33 MP: 2/2
  1178 | D:2      | Noticed Terence
  1202 | D:2      | Killed Terence
  1490 | D:2      | Found a white marble altar of Elyvilon.
  1490 | D:2      | Found a blossoming altar of Fedhas.
  1503 | D:2      | Found a glowing silver altar of Zin.
  1505 | D:2      | Found a shimmering altar of Xom.
  1506 | D:2      | Found a faded altar of an unknown god.
  1699 | D:2      | Found a sacrificial altar of Ru.
  1765 | D:2      | Reached skill level 1 in Dodging
  1770 | D:2      | Reached XP level 4. HP: 34/40 MP: 3/3
  1949 | D:3      | Noticed Robin
  1958 | D:3      | Noticed Purgy
  1975 | D:3      | HP: 1/40 [Purgy (2)]
  1975 | D:3      | Slain by Purgy

Skill      XL: |  1  2  3 |
---------------+----------+-----
Armour         | 4 |  4.5
Fighting       | 4 |  4.2
Shields        | 4 |  4.3
Long Blades    | 3 |  3.2
Dodging        | 1 |  1.2

Action                   |  1- 3 |  4- 6 || total
-------------------------+-------+-------++-------
Melee: Long sword        |    85 |    33 ||   118
       Headbutt          |    14 |     4 ||    18
  Use: Potion            |       |     1 ||     1
  Eat: Chunk             |     2 |     1 ||     3
Armor: Scale mail        |    42 |    28 ||    70
Dodge: Dodged            |    26 |    28 ||    54
Block: Shield            |    47 |    32 ||    79
       Rpst.: Long sword |     6 |     2 ||     8
